cohdb
Replays
Latest Replays
All Replays
Popular Replays
Top Player Replays
Match Explorer
How It Works
Community
CoH3 Stats
Reddit
Sign in to upload your games and track your stats! →
Sign in with Steam
FIGHT 101 pingping 秃鹫 car
Match 30605467
Overview
Messages
Build Orders
End
Selects Breakthrough Battlegroup
Selects Assault Grenadiers
Kettenkrad Recon Vehicle
Construct Infanterie Kompanie
MG 42 Machine Gun Team
Grenadier Squad
GrW 34 Mortar Team
Construct Panzergrenadier Kompanie
GrW 34 Mortar Team
251 Medium Carrier
Pak 40 Anti-tank Gun Team
Construct Panzer Kompanie
Panzergrenadier Squad
Panzer Officer Quarters
Sturmpanzer IV Brummbär
Selects Rapid Production
Selects Blitzkrieg
Panzer IV Medium Tank
Side Skirts
zenlew
Łukaszkiller448947 POLAND!!!
Achilles Gaming @ YouTube
AshCo Dismas
可爱豆腐乳
The101stAirBorne
秃鹫k
Ping Ping
0
0
Comments
sign in to comment!
No comments posted yet!